 Dungeon Crawl Stone Soup version 0.23-b1-58-ge3fafae (webtiles) character file.

Game seed: 16288713399897263198

2639 Yuikono the Grappler (level 9, 0/82 (83) HPs)
             Began as a Ghoul Monk on Feb 4, 2019.
             Was a Believer of Ru.
             Slain by a two-headed ogre
             ... wielding a +0 giant club
              (15 damage)
             ... on level 8 of the Dungeon.
             The game lasted 00:28:40 (9240 turns).

Yuikono the Grappler (Ghoul Monk)                   Turns: 9240, Time: 00:28:40

HP:   0/82 (83)     AC: 13    Str: 15    XL:     9   Next: 61%
MP:   8/8           EV:  7    Int:  5    God:    Ru [**....]
Gold: 488           SH:  4    Dex: 12    Spells: 8/8 levels left

rFire    . . .     SeeInvis .     - Unarmed
rCold    + . .     Gourm    .   (no shield)
rNeg     + + +     Faith    .   o - +1 chain mail
rPois    ∞         Spirit   .   (no helmet)
rElec    .         Reflect  +   m - +2 cloak
rCorr    .         Harm     .   u - +0 pair of gloves
MR       .....                  (no boots)
Stlth    ..........             w - +4 amulet of reflection
HPRegen  0.00/turn              (no ring)
MPRegen  0.11/turn              (no ring)

@: overwhelmed with horror, rotting
A: rotting body, claws 1, carnivore, clumsy 1, cold resistance 1, negative
energy resistance 3, inhibited regeneration, torment resistance, unbreathing, no
stealth, cowardly
a: Renounce Religion


You were on level 8 of the Dungeon.
You worshipped Ru.
Ru was pleased with you.
You were not hungry.

You visited 2 branches of the dungeon, and saw 9 of its levels.
You also visited: Sewer and Ossuary.

You collected 488 gold pieces.

Inventory:

Hand Weapons
 h - a +1 dagger
 y - a +0 blowgun
Missiles
 g - 167 stones
 j - 55 sling bullets
 k - 7 tomahawks
 v - 104 arrows
 z - 71 poisoned needles
 H - a throwing net (quivered)
Armour
 a - a +0 robe
 m - a +2 cloak (worn)
 o - a +1 chain mail (worn)
 u - a +0 pair of gloves (worn)
 D - a +1 leather armour of fire resistance
 E - a +0 shield
Magical Staves
 C - an uncursed staff of air
Jewellery
 s - an uncursed amulet of rage
 w - a +4 amulet of reflection (around neck)
Wands
 q - a wand of polymorph (7)
Scrolls
 e - 2 scrolls of magic mapping
 f - 2 scrolls of teleportation
 i - 3 scrolls of immolation {unknown}
 l - a scroll of enchant armour
 n - 3 scrolls of blinking
 r - 7 scrolls of identify
 t - 6 scrolls of remove curse
 x - a scroll of acquirement {unknown}
 G - 2 scrolls of enchant weapon
 I - a scroll of silence
Potions
 c - 2 potions of berserk rage {unknown}
 d - a potion of brilliance
 p - a potion of magic
 A - a potion of flight
 B - 2 potions of heal wounds
 F - a potion of cancellation {unknown}
Comestibles
 b - 18 rations


   Skills:
 + Level 9.1 Fighting
 - Level 2.6 Dodging
   Level 0.0 Stealth
 + Level 9.1 Unarmed Combat


You had 8 spell levels left.
You didn't know any spells.
Your spell library contained the following spells:

 Spells                   Type           Power        Failure   Level  Hunger
 Confusing Touch          Hex            #.....       100%        1    ##.....
 Confuse                  Hex            #.......     100%        3    ####...
 Gell's Gravitas          Tloc           #.........   100%        3    ####...
 Petrify                  Tmut/Erth      #.......     100%        4    #####..
 Metabolic Englaciation   Hex/Ice        #.........   100%        5    ######.
 Yara's Violent Unravell  Hex/Tmut       #.........   100%        5    ######.


Dungeon Overview and Level Annotations

Branches:
Dungeon (8/15)             Temple (1/1) D:5
   Lair: D:8-11

Altars:
Ashenzari
Cheibriados
Dithmenos
Elyvilon
Fedhas
Gozag
Hepliaklqana
Kikubaaqudgha
Makhleb
Nemelex Xobeh
Okawaru
Qazlal
Ru
Sif Muna
Trog
Uskayaw
Vehumet
Wu Jian
Xom
Yredelemnul
Zin
The Shining One

Shops:
D:5 *

Annotations:
D:5 3 runed translucent doors, HEYYEYAAE's ghost, novice OpHu; buskinjo's ghost, amateur OgAM; redwoodhats's ghost, novice OgWn
D:8 Prince Ribbit


Innate Abilities, Weirdness & Mutations

Your body is rotting away.
You thrive on raw meat.
You are immune to poison.
You have sharp fingernails.
You are carnivorous and can eat meat at any time.
You are clumsy. (Dex -2)
Your flesh is cold resistant. (rC+)
You are immune to negative energy. (rN+++)
You do not regenerate when monsters are visible.
You are immune to unholy pain and torment.
You can survive without breathing.
You cannot be stealthy.
Your cowardice makes you less effective in combat with threatening monsters.


Message History

You punch the ogre!
The ogre is almost dead.
The centaur shoots an arrow.
You reflect the arrow off an invisible shield around you!
The arrow hits the ogre.
You reel with horror at the sight of these foes!
The centaur shoots an arrow.
You reflect the arrow off an invisible shield around you!
The arrow hits the centaur!
You punch the ogre!
You kill the ogre!
The centaur shoots an arrow.
You reflect the arrow off an invisible shield around you!
The arrow hits the centaur!
Monsters!
Monsters everywhere!
You have to get out of here!
You barely miss the two-headed ogre.
The two-headed ogre hits you with a +0 giant club!!
* * * LOW HITPOINT WARNING * * *
The two-headed ogre hits you with a +0 giant club!
You die...

#.........(######.#
#........(.# #.#
#.....F....# #.#
**######..........# #.# #
*,................######.###
*,....(.?.....O............'
*,........#####....#####.###
*,......(F#####....#***#.# #
*,.......cO@..'....+,,,..# #
*,........#####....#**####*#
*,........# *####..,,,,,,+
*,........# *.#******#
*,........# *,* #
*,........# *,* #
**######### *,* # *,***#####
*,,,,.....


You could see a two-headed ogre, Prince Ribbit and a centaur.

Vanquished Creatures
  A hippogriff (D:7)
  Sigmund (D:3)
  A hungry ghost (D:7)
  Duvessa (D:7)
  A water moccasin (D:7)
  Purgy (Sewer)
  A centaur (D:6)
  A phantom (D:6)
  3 ogres
  2 elf zombies (Ossuary)
  2 bullfrogs
  A gnoll sergeant (D:6)
  Dowan (D:7)
  A scorpion (D:6)
  A howler monkey (D:5)
  3 bullfrog zombies
  A centaur zombie (D:6)
  3 crimson imps
  2 hounds
  Crazy Yiuf (D:2)
  A human zombie (Ossuary)
  2 orc wizards (D:5)
  Terence (D:2)
  2 iguanas
  Natasha (thrice) (D:3)
  2 worker ants
  3 hound zombies
  4 mummies (Ossuary)
  11 gnolls
  6 adders
  3 shadow imps (D:5)
  An ooze (D:2)
  An adder skeleton (D:6)
  2 worms
  7 dart slugs
  6 leopard geckos
  6 orcs
  6 bats
  8 giant cockroaches
  9 goblins
  6 hobgoblins
  15 jackals
  2 quokkas (D:4)
  4 ball pythons
  12 frilled lizards
  2 goblin zombies (Ossuary)
  4 hobgoblin zombies (Ossuary)
  A jackal skeleton (D:4)
  11 kobolds
  An orc zombie (Ossuary)
  A quokka skeleton (D:4)
  8 rats
180 creatures vanquished.

Notes
Turn   | Place    | Note
-------+----------+-------------------------------------------
     0 | D:1      | Yuikono the Ghoul Monk began the quest for the Orb.
     0 | D:1      | Reached XP level 1. HP: 19/19 MP: 0/0
   143 | D:1      | Reached XP level 2. HP: 10/26 MP: 1/1
   517 | D:1      | Reached XP level 3. HP: 4/33 MP: 2/2
  1261 | D:2      | Noticed Terence
  1297 | D:2      | Killed Terence
  1297 | D:2      | Reached XP level 4. HP: 15/40 MP: 3/3
  2019 | D:2      | Found a runed translucent door.
  2020 | D:2      | Noticed Crazy Yiuf
  2383 | D:2      | Killed Crazy Yiuf
  2383 | D:2      | Reached XP level 5. HP: 37/47 MP: 4/4
  2436 | D:3      | Noticed Sigmund
  2921 | D:3      | Killed Sigmund
  2921 | D:3      | Reached skill level 5 in Fighting
  2921 | D:3      | Reached skill level 5 in Unarmed Combat
  2921 | D:3      | Reached XP level 6. HP: 31/56 MP: 5/5
  3301 | D:3      | Found a sacrificial altar of Ru.
  3308 | D:3      | Found a hide-covered altar of Uskayaw.
  3329 | D:3      | Became a worshipper of Ru the Awakened
  3341 | D:3      | Gained mutation: You are clumsy. (Dex -2) [Ru sacrifice]
  3511 | D:3      | Noticed Natasha
  3520 | D:3      | Killed Natasha
  3520 | D:3      | Reached skill level 5 in Stealth
  3532 | D:3      | Noticed Natasha
  3538 | D:3      | Killed Natasha
  3584 | D:3      | Found a sparkling altar of Nemelex Xobeh.
  3600 | D:3      | Noticed Natasha
  3618 | D:3      | Killed Natasha
  3801 | D:4      | Reached XP level 7. HP: 61/61 MP: 6/6
  3896 | D:4      | Found a shadowy altar of Dithmenos.
  3922 | D:4      | Found an iron altar of Okawaru.
  4576 | D:5      | Entered Level 5 of the Dungeon
  4576 | D:5      | Found Naem's Assorted Antiques.
  4652 | D:5      | Found a staircase to the Ecumenical Temple.
  4885 | D:5      | Found a glowing drain.
  4901 | Sewer    | Entered a sewer
  4988 | Sewer    | Noticed Purgy
  5007 | Sewer    | Killed Purgy
  5007 | Sewer    | Reached XP level 8. HP: 50/71 MP: 7/7
  5240 | D:5      | Found a runed translucent gate.
  5240 | D:5      | Found a runed translucent gate.
  5240 | D:5      | Noticed redwoodhats's ghost (novice OgWn)
  5240 | D:5      | Noticed HEYYEYAAE's ghost (novice OpHu)
  5240 | D:5      | Noticed HEYYEYAAE's ghost (novice OpHu)
  5240 | D:5      | Noticed buskinjo's ghost (amateur OgAM)
  5255 | D:5      | Found a runed translucent gate.
  5658 | D:5      | Gained mutation: Your cowardice makes you less effective in
                  | combat with threatening monsters. [Ru sacrifice]
  5658 | D:5      | Reached * piety under Ru
  5658 | D:5      | Reached ** piety under Ru
  5691 | Temple   | Entered the Ecumenical Temple
  6657 | D:6      | Found a basalt altar of Yredelemnul.
  7252 | D:7      | Noticed Duvessa
  7253 | D:7      | Noticed Dowan
  7381 | D:7      | Found a blossoming altar of Fedhas.
  7418 | D:7      | Killed Duvessa
  7438 | D:7      | Reached XP level 9. HP: 4/79 MP: 8/8
  8178 | D:7      | Gained mutation: You cannot be stealthy. [Ru sacrifice]
  8302 | D:7      | Killed Dowan
  8386 | D:7      | Found a deep blue altar of Sif Muna.
  8623 | D:8      | Found a sand-covered staircase.
  8667 | Ossuary  | Entered an ossuary
  9222 | D:8      | Noticed Prince Ribbit
  9230 | D:8      | Noticed a two-headed ogre
  9240 | D:8      | Slain by a two-headed ogre

Skill      XL: |  1  2  3  4  5  6  7  8  9 |
---------------+----------------------------+-----
Stealth        | 3 4 5 6 7 0 |  0.0
Fighting       | 4 5 6 7 9 |  9.1
Unarmed Combat | 4 5 6 7 9 |  9.1
Dodging        | |  2.6

Action                   |  1- 3 |  4- 6 |  7- 9 || total
-------------------------+-------+-------+-------++-------
Melee: Unarmed           |   102 |   205 |   586 ||   893
       Punch             |     2 |       |     4 ||     6
       Dagger            |    24 |       |       ||    24
Throw: Stone             |       |     2 |    28 ||    30
       Throwing net      |       |       |     1 ||     1
Invok: Sacrifice Purity  |       |     1 |       ||     1
       Sacrifice Courage |       |       |     1 ||     1
       Sacrifice Stealth |       |       |     1 ||     1
  Use: Potion            |       |     6 |       ||     6
       Scroll            |       |     3 |    13 ||    16
 Stab: Distracted        |     1 |       |     1 ||     2
       Sleeping          |     1 |       |       ||     1
  Eat: Chunk             |     1 |    10 |    18 ||    29
Armor: Robe              |    26 |     2 |       ||    28
       Chain mail        |       |   149 |   312 ||   461
Dodge: Dodged            |    62 |    77 |   201 ||   340
Block: Other             |       |       |    76 ||    76
       Reflection        |       |       |     3 ||     3
